Nordiques vs Rangers

Created - 8 mars 2017 at 19:29

Goals
1 2 3 T
Nordiques 2 1 1 4
Rangers 2 0 3 5
Shots
1 2 3 T
Nordiques 11 8 12 31
Rangers 12 10 12 34

1st period

1. Rangers , Mike Cammalleri 9 (Stephen Weiss, Patrice Bergeron) at 4:15 (SH)
2. Nordiques , R.J. Umberger 22 (Chris Drury, Jarret Stoll) at 4:23 (PP)
3. Nordiques , Chris Drury 30 (R.J. Umberger, Mark Eaton) at 12:14
4. Rangers , Mike Cammalleri 10 (Stephen Weiss) at 13:03

Penalties :
Jakob Silfverberg (NYR) for Holding (Minor) at 3:02, Alexei Emelin (NYR) for Hooking (Minor) at 15:50

2nd period

5. Nordiques , Vaclav Prospal 12 (Matt Moulson, T.J. Fast) at 10:10

Penalties :
Mark Fistric (NYR) for Cross-checking (Minor) at 19:35

3rd period

6. Rangers , Mark Fistric 5 (Milan Lucic, Cam Barker) at 2:02
7. Nordiques , Vaclav Prospal 13 (Matt Moulson) at 5:13
8. Rangers , Valtteri Filppula 6 (Devante Smith-Pelly, Nathan Gerbe) at 6:28
9. Rangers , Stephen Weiss 14 (Ryan Suter) at 12:32 (SH)

Penalties :
Michael Ryder (Que) for Holding (Minor) at 8:18, Devante Smith-Pelly (NYR) for Goalie Interference (Minor) at 11:54, Dmitry Kulikov (Que) for Roughing (Double Minor) at 14:29, Alexei Emelin (NYR) for Roughing (Minor) at 18:01

Goalie Stats

Martin Brodeur (Que), 29 saves from 34 shots - (0,853), L, 19-13-6, 58:52 minutes
Henrik Lundqvist (NYR), 27 saves from 31 shots - (0,871), W, 20-11-1, 60:00 minutes

Players Stats for Nordiques

Player Name              G  A  P  +/- PIM S  H  SB GA TA FO     MP     PP MP  PK MP  
------------------------------------------------------------------------------------
Chris Drury              1  1  2   1  0   3  1  0  1  0  13/31  23:22   4:58   1:44 
Dmitry Kulikov           0  0  0  -3  4   0  0  2  1  2  0/0    27:00   3:33   0:00 
Dustin Byfuglien         0  0  0  -3  0   1  1  1  1  2  0/0    27:16   5:30   2:08 
Fedor Tyutin             0  0  0   0  0   1  0  1  1  0  0/0     3:05   0:28   0:00 
Jarret Stoll             0  1  1   1  0   0  3  1  0  0  3/4    21:56   4:40   0:50 
Kyle Calder              0  0  0  -1  0   2  0  1  0  0  0/1    11:23   0:00   1:58 
Mark Eaton               0  1  1   1  0   3  2  2  0  1  0/0    21:23   2:21   3:23 
Matt Moulson             0  2  2  -1  0   2  3  0  0  0  1/1    17:53   3:51   1:06 
Michael Ryder            0  0  0  -1  2   2  0  0  0  0  0/0    10:34   0:00   0:00 
Nikita Kucherov          0  0  0  -1  0   2  0  0  1  0  0/0    17:16   3:51   0:00 
Nikolai Kulemin          0  0  0  -1  0   0  1  0  0  0  0/0     6:27   0:00   0:00 
Pascal Dupuis            0  0  0  -1  0   1  0  0  0  0  0/0     8:53   0:00   2:27 
Paul Gaustad             0  0  0  -1  0   0  4  0  0  0  3/7    12:05   0:00   2:28 
R.J. Umberger            1  1  2   1  0   4  4  1  1  1  3/4    21:25   4:58   0:00 
Rich Peverley            0  0  0  -1  0   1  0  0  0  0  2/4     6:27   0:00   0:00 
Ryan Ellis               0  0  0  -1  0   2  0  1  0  0  0/0    23:22   5:34   2:08 
T.J. Fast                0  1  1   2  0   3  0  1  0  0  0/0    16:57   0:30   3:23 
Vaclav Prospal           2  0  2  -1  0   4  1  0  1  0  7/14   17:16   3:51   0:29 

Players Stats for Rangers

Player Name              G  A  P  +/- PIM S  H  SB GA TA FO     MP     PP MP  PK MP  
------------------------------------------------------------------------------------
Alexei Emelin            0  0  0   2  4   0  1  0  0  0  0/0    13:03   0:23   0:06 
Artem Anisimov           0  0  0   0  0   2  0  0  0  0  2/3     9:13   0:00   0:00 
Cam Barker               0  1  1  -1  0   7  3  2  0  0  0/0    28:28   2:54   5:11 
Chris Bourque            0  0  0   0  0   2  0  0  0  0  0/0    10:59   0:14   1:14 
Darren Reid              0  0  0   0  0   1  0  1  1  0  0/0    11:39   2:40   0:00 
Devante Smith-Pelly      0  1  1   1  2   0  0  0  0  0  0/0     7:31   0:38   0:00 
Jakob Silfverberg        0  0  0  -3  2   0  2  2  1  0  1/2    17:35   2:13   0:00 
Mark Fistric             1  0  1  -1  2   3  3  4  0  0  0/0    27:04   2:54   3:48 
Matt Greene              0  0  0   2  0   0  0  1  0  0  0/0    19:19   2:13   3:38 
Matt Read                0  0  0   1  0   1  0  0  0  1  0/1    13:44   0:33   0:00 
Mike Cammalleri          2  0  2   3  0   3  2  0  0  1  1/1    18:29   2:13   3:09 
Milan Lucic              0  1  1  -2  0   6  3  0  2  3  5/13   24:18   2:31   5:31 
Nathan Gerbe             0  1  1   1  0   0  0  1  0  0  0/0     7:13   0:00   0:09 
Patrice Bergeron         0  1  1  -2  0   3  0  1  1  0  15/26  24:12   2:31   5:25 
Ryan Suter               0  1  1   2  0   0  1  0  0  0  0/0    19:19   2:13   3:38 
Staffan Kronwall         0  0  0   1  0   0  1  0  0  1  0/0    13:30   0:24   1:17 
Stephen Weiss            1  2  3   3  0   3  3  0  1  1  10/18  17:30   2:13   2:10 
Valtteri Filppula        1  0  1   1  0   3  0  0  0  0  0/2     7:33   0:47   0:00 

3 Stars

1 - Stephen Weiss (NYR)
2 - Mike Cammalleri (NYR)
3 - R.J. Umberger (Que)

Power Play

Nordiques - 1 on 5 Attempt(s) - 20,00%
Rangers - 0 on 3 Attempt(s) - 0,00%

Penalty Kill

Nordiques - 3 on 3 Attempt(s) - 100,00% - Score 0 goal in Penalty Kill
Rangers - 4 on 5 Attempt(s) - 80,00% - Score 2 goal in Penalty Kill

Team Stat

Nordiques - Hits : 20 - Faceoff Wins : 32 - Blocked Shots : 11 - Penalty Minutes : 6
Rangers - Hits : 19 - Faceoff Wins : 34 - Blocked Shots : 12 - Penalty Minutes : 10

Official

Referees : VanMassenhoven Don and Marouelli Dan
Linesman : Scott Cherrey and Derek Amell

Game Notes

Fedor Tyutin is injured at 8:36 of 1st period (Back Spasms)

Finance

Level 1 -- Attendance: 4268 (71,13%) -- Ticket Income 384 120 $
Level 2 -- Attendance: 4185 (83,70%) -- Ticket Income 230 175 $
Level 3 -- Attendance: 2000 (100,00%) -- Ticket Income 60 000 $
Level 4 -- Attendance: 4000 (100,00%) -- Ticket Income 80 000 $
Luxury Box -- Attendance: 737 (73,70%) -- Ticket Income 128 975 $
Game was played at the Madison Square Garden.
Total Attendance: 15190 (84,39%)
Total Ticket Income: 883 270 $
Other Income: 132 490 $
Total Income: 1 015 760 $

Nordiques

5 vs 5 Forward 
   Center                   Left Wing                Right Wing               Time % Phy DF OF 
 1 Chris Drury              R.J. Umberger            Jarret Stoll             40     0   2  3  
 2 Vaclav Prospal           Matt Moulson             Nikita Kucherov          30     0   2  3  
 3 Paul Gaustad             Kyle Calder              Michael Ryder            20     0   2  3  
 4 Rich Peverley            Nikolai Kulemin          Pascal Dupuis            10     0   2  3  

5 vs 5 Defense 
   Defense                  Defense                                           Time % Phy DF OF 
 1 Fedor Tyutin             Dustin Byfuglien                                  40     0   5  0  
 2 Dmitry Kulikov           Ryan Ellis                                        30     0   5  0  
 3 T.J. Fast                Mark Eaton                                        20     0   5  0  
 4 Fedor Tyutin             Dustin Byfuglien                                  10     0   5  0  

PowerPlay Forward 
   Center                   Left Wing                Right Wing               Time % Phy DF OF 
 1 Chris Drury              R.J. Umberger            Jarret Stoll             60     0   0  5  
 2 Vaclav Prospal           Matt Moulson             Nikita Kucherov          40     0   0  5  

PowerPlay Defense
   Defense                  Defense                                           Time % Phy DF OF 
 1 Dustin Byfuglien         Ryan Ellis                                        60     0   2  3  
 2 Fedor Tyutin             Dmitry Kulikov                                    40     0   2  3  

Penalty Kill 4 Players Forward 
   Center                   Wing                     Time % Phy DF OF 
 1 Paul Gaustad             Pascal Dupuis            60     0   4  1  
 2 Kyle Calder              Vaclav Prospal           40     0   4  1  

Penalty Kill 4 Players Defense
   Defense                  Defense                  Time % Phy DF OF 
 1 T.J. Fast                Mark Eaton               60     0   4  1  
 2 Dustin Byfuglien         Ryan Ellis               40     0   4  1  

Penalty Kill - 3 Players Forward 
   Forward                                           Time % Phy DF OF 
 1 Paul Gaustad                                      60     0   5  0  
 2 Pascal Dupuis                                     40     0   5  0  

Penalty Kill - 3 Players Defense
   Defense                  Defense                  Time % Phy DF OF 
 1 T.J. Fast                Mark Eaton               60     0   5  0  
 2 Dustin Byfuglien         Dmitry Kulikov           40     0   5  0  

4 vs 4 Forward 
   Center                   Wing                     Time % Phy DF OF 
 1 R.J. Umberger            Chris Drury              60     0   1  4  
 2 Jarret Stoll             Vaclav Prospal           40     0   1  4  

4 vs 4 Defense
   Defense                  Defense                  Time % Phy DF OF 
 1 Dustin Byfuglien         Dmitry Kulikov           60     0   3  2  
 2 Fedor Tyutin             Ryan Ellis               40     0   3  2  

Last Minutes Offensive
   Center                   Left Wing                Right Wing               Defense                  Defense                  
   Chris Drury              R.J. Umberger            Jarret Stoll             Dustin Byfuglien         Fedor Tyutin             

Last Minutes Defensive
   Center                   Left Wing                Right Wing               Defense                  Defense                  
   Paul Gaustad             Kyle Calder              Pascal Dupuis            T.J. Fast                Mark Eaton               

Goaltenders
Starting : Martin Brodeur           
Backup : Julien Ellis             

Extra Forwards
Normal : Chris Drury, Jarret Stoll, Matt Moulson - PP : Chris Drury, Jarret Stoll - PK : Pascal Dupuis
Extra Defensemen
Normal : Dmitry Kulikov, Ryan Ellis, Dustin Byfuglien - PP : Dmitry Kulikov - PK : Ryan Ellis, Dustin Byfuglien
Penalty Shots
R.J. Umberger, Chris Drury, Jarret Stoll, Vaclav Prospal, Paul Gaustad

Rangers

5 vs 5 Forward 
   Center                   Left Wing                Right Wing               Time % Phy DF OF 
 1 Patrice Bergeron         Milan Lucic              Jakob Silfverberg        40     1   2  2  
 2 Stephen Weiss            Mike Cammalleri          Matt Read                30     1   2  2  
 3 Artem Anisimov           Chris Bourque            Darren Reid              20     1   2  2  
 4 Valtteri Filppula        Nathan Gerbe             Devante Smith-Pelly      10     1   2  2  

5 vs 5 Defense 
   Defense                  Defense                                           Time % Phy DF OF 
 1 Cam Barker               Mark Fistric                                      40     1   2  2  
 2 Matt Greene              Ryan Suter                                        30     1   2  2  
 3 Alexei Emelin            Staffan Kronwall                                  20     1   2  2  
 4 Cam Barker               Mark Fistric                                      10     1   2  2  

PowerPlay Forward 
   Center                   Left Wing                Right Wing               Time % Phy DF OF 
 1 Patrice Bergeron         Milan Lucic              Darren Reid              60     1   2  2  
 2 Stephen Weiss            Mike Cammalleri          Jakob Silfverberg        40     1   2  2  

PowerPlay Defense
   Defense                  Defense                                           Time % Phy DF OF 
 1 Cam Barker               Mark Fistric                                      60     1   2  2  
 2 Matt Greene              Ryan Suter                                        40     1   2  2  

Penalty Kill 4 Players Forward 
   Center                   Wing                     Time % Phy DF OF 
 1 Milan Lucic              Patrice Bergeron         60     1   2  2  
 2 Stephen Weiss            Mike Cammalleri          40     1   2  2  

Penalty Kill 4 Players Defense
   Defense                  Defense                  Time % Phy DF OF 
 1 Cam Barker               Mark Fistric             60     1   2  2  
 2 Matt Greene              Ryan Suter               40     1   2  2  

Penalty Kill - 3 Players Forward 
   Forward                                           Time % Phy DF OF 
 1 Milan Lucic                                       60     1   2  2  
 2 Patrice Bergeron                                  40     1   2  2  

Penalty Kill - 3 Players Defense
   Defense                  Defense                  Time % Phy DF OF 
 1 Cam Barker               Mark Fistric             60     1   2  2  
 2 Matt Greene              Ryan Suter               40     1   2  2  

4 vs 4 Forward 
   Center                   Wing                     Time % Phy DF OF 
 1 Milan Lucic              Patrice Bergeron         60     1   2  2  
 2 Stephen Weiss            Mike Cammalleri          40     1   2  2  

4 vs 4 Defense
   Defense                  Defense                  Time % Phy DF OF 
 1 Cam Barker               Mark Fistric             60     1   2  2  
 2 Matt Greene              Ryan Suter               40     1   2  2  

Last Minutes Offensive
   Center                   Left Wing                Right Wing               Defense                  Defense                  
   Patrice Bergeron         Milan Lucic              Darren Reid              Cam Barker               Mark Fistric             

Last Minutes Defensive
   Center                   Left Wing                Right Wing               Defense                  Defense                  
   Patrice Bergeron         Milan Lucic              Darren Reid              Cam Barker               Mark Fistric             

Goaltenders
Starting : Henrik Lundqvist         
Backup : Hannu Toivonen           

Extra Forwards
Normal : Matt Read, Valtteri Filppula, Chris Bourque - PP : Matt Read, Valtteri Filppula - PK : Chris Bourque
Extra Defensemen
Normal : Alexei Emelin, Staffan Kronwall, Matt Greene - PP : Alexei Emelin - PK : Staffan Kronwall, Matt Greene
Penalty Shots
Milan Lucic, Patrice Bergeron, Stephen Weiss, Mike Cammalleri, Darren Reid

% Time on Ice - Nordiques

Lines # - Real PCT - Wanted PCT - Time Play
Normal Forward
1 - 36% - 40% - 16:25
2 - 29% - 30% - 12:56
3 - 21% - 20% - 9:25
4 - 14% - 10% - 6:27
Normal Defense
1 - 42% - 40% - 19:02
2 - 25% - 30% - 11:17
3 - 24% - 20% - 11:03
4 - 9% - 10% - 3:51
PP Forward
1 - 56% - 60% - 4:58
2 - 44% - 40% - 3:51
PP Defense
1 - 55% - 60% - 4:49
2 - 45% - 40% - 4:00
PK Forward
1 - 91% - 60% - 5:02
2 - 9% - 40% - 0:29
PK Defense
1 - 72% - 60% - 3:59
2 - 28% - 40% - 1:32
PK3 Forward
1 - 0% - 60%
2 - 0% - 40%
PK3 Defense
1 - 0% - 60%
2 - 0% - 40%
44 Forward
1 - 100% - 60% - 0:27
2 - 0% - 40% - 0:00
44 Defense
1 - 100% - 60% - 0:27
2 - 0% - 40% - 0:00
Last Minute Offensive  - 0:00
Last Minute Defensive  - 0:00
Total
Forward - 60:00
Defense - 60:00

% Time on Ice - Rangers

Lines # - Real PCT - Wanted PCT - Time Play
Normal Forward
1 - 36% - 40% - 16:07
2 - 29% - 30% - 13:07
3 - 20% - 20% - 9:13
4 - 15% - 10% - 6:46
Normal Defense
1 - 38% - 40% - 17:15
2 - 30% - 30% - 13:28
3 - 26% - 20% - 11:49
4 - 6% - 10% - 2:41
PP Forward
1 - 60% - 60% - 3:18
2 - 40% - 40% - 2:13
PP Defense
1 - 60% - 60% - 3:18
2 - 40% - 40% - 2:13
PK Forward
1 - 75% - 60% - 6:39
2 - 25% - 40% - 2:10
PK Defense
1 - 59% - 60% - 5:11
2 - 41% - 40% - 3:38
PK3 Forward
1 - 0% - 60%
2 - 0% - 40%
PK3 Defense
1 - 0% - 60%
2 - 0% - 40%
44 Forward
1 - 100% - 60% - 0:27
2 - 0% - 40% - 0:00
44 Defense
1 - 100% - 60% - 0:27
2 - 0% - 40% - 0:00
Last Minute Offensive  - 0:00
Last Minute Defensive  - 0:00
Total
Forward - 60:00
Defense - 60:00

Play by Play

1st period


0:01 of 1st period - Patrice Bergeron wins face-off versus Chris Drury in neutral zone.
0:06 of 1st period - Wrist shot by Milan Lucic.
0:06 of 1st period - Stopped by Martin Brodeur without a rebound.
0:07 of 1st period - Chris Drury wins face-off versus Patrice Bergeron in Nordiques zone.
0:14 of 1st period - R.J. Umberger is hit by Milan Lucic and loses puck.
0:21 of 1st period - Snap shot by Milan Lucic.
0:21 of 1st period - Shot Misses the Net.
0:23 of 1st period - Snap shot by Patrice Bergeron.
0:23 of 1st period - Shot Misses the Net.
1:35 of 1st period - Snap shot by Milan Lucic.
1:35 of 1st period - Shot Blocked by Jarret Stoll.
2:27 of 1st period - Snap shot by Nathan Gerbe.
2:27 of 1st period - Shot Misses the Net.
2:41 of 1st period - Snap shot by Rich Peverley.
2:41 of 1st period - Shot Misses the Net.
2:43 of 1st period - Snap shot by Mark Eaton.
2:43 of 1st period - Stopped by Henrik Lundqvist with a rebound.
2:45 of 1st period - Wrist shot by Rich Peverley.
2:45 of 1st period - Deflect By Nikolai Kulemin.
2:45 of 1st period - Shot Misses the Net.
2:45 of 1st period - Puck is out of play.
2:46 of 1st period - Jarret Stoll wins face-off versus Patrice Bergeron in Rangers zone.
2:47 of 1st period - Snap shot by Chris Drury.
2:47 of 1st period - Deflect By R.J. Umberger.
2:47 of 1st period - Shot Misses the Net.
2:47 of 1st period - Puck is out of play.
2:48 of 1st period - Chris Drury wins face-off versus Jakob Silfverberg in Rangers zone.
3:02 of 1st period - Minor Penalty to Jakob Silfverberg for Holding.
3:03 of 1st period - Milan Lucic wins face-off versus Chris Drury in Rangers zone.
3:03 of 1st period - Milan Lucic is hit by R.J. Umberger.
4:15 of 1st period - Wrist shot by Mike Cammalleri.
4:15 of 1st period - Goal by Mike Cammalleri - Nordiques : 0 - Rangers : 1.
4:16 of 1st period - Chris Drury wins face-off versus Milan Lucic in neutral zone.
4:23 of 1st period - Snap shot by R.J. Umberger.
4:23 of 1st period - Goal by R.J. Umberger - Nordiques : 1 - Rangers : 1.
4:24 of 1st period - Chris Drury wins face-off versus Patrice Bergeron in neutral zone.
4:30 of 1st period - Off-side.
4:31 of 1st period - Patrice Bergeron wins face-off versus Chris Drury in neutral zone.
4:44 of 1st period - Snap shot by Patrice Bergeron.
4:44 of 1st period - Shot Misses the Net.
4:46 of 1st period - Slapshot by Cam Barker.
4:46 of 1st period - Deflect By Chris Drury.
4:46 of 1st period - Stopped by Martin Brodeur without a rebound.
4:47 of 1st period - Vaclav Prospal wins face-off versus Stephen Weiss in Nordiques zone.
5:12 of 1st period - Chris Drury is hit by Jakob Silfverberg.
5:42 of 1st period - Snap shot by Artem Anisimov.
5:42 of 1st period - Shot Misses the Net.
6:02 of 1st period - Slapshot by Cam Barker.
6:02 of 1st period - Stopped by Martin Brodeur without a rebound.
6:03 of 1st period - Vaclav Prospal wins face-off versus Stephen Weiss in Nordiques zone.
6:14 of 1st period - Wrist shot by Nikita Kucherov.
6:14 of 1st period - Stopped by Henrik Lundqvist with a rebound.
6:16 of 1st period - Slapshot by Fedor Tyutin.
6:16 of 1st period - Stopped by Henrik Lundqvist with a rebound.
6:18 of 1st period - Snap shot by Fedor Tyutin.
6:18 of 1st period - Shot Blocked by Cam Barker.
6:28 of 1st period - Jarret Stoll is hit by Milan Lucic and loses puck.
6:37 of 1st period - Snap shot by Patrice Bergeron.
6:37 of 1st period - Stopped by Martin Brodeur without a rebound.
6:38 of 1st period - Patrice Bergeron wins face-off versus Vaclav Prospal in Nordiques zone.
6:39 of 1st period - Wrist shot by Milan Lucic.
6:39 of 1st period - Stopped by Martin Brodeur without a rebound.
6:40 of 1st period - Vaclav Prospal wins face-off versus Patrice Bergeron in Nordiques zone.
7:07 of 1st period - Wrist shot by Mike Cammalleri.
7:07 of 1st period - Shot Misses the Net.
8:36 of 1st period - Snap shot by Stephen Weiss.
8:36 of 1st period - Shot Blocked by Fedor Tyutin.
8:36 of 1st period - Fedor Tyutin from Nordiques is injured at 8:36 of 1st period (Back Spasms).
8:37 of 1st period - Chris Drury wins face-off versus Stephen Weiss in Nordiques zone.
9:03 of 1st period - Dustin Byfuglien is hit by Jakob Silfverberg and loses puck.
9:28 of 1st period - Wrist shot by Artem Anisimov.
9:28 of 1st period - Shot Blocked by Kyle Calder.
10:16 of 1st period - Wrist shot by R.J. Umberger.
10:16 of 1st period - Stopped by Henrik Lundqvist without a rebound.
10:17 of 1st period - Jarret Stoll wins face-off versus Milan Lucic in Rangers zone.
10:24 of 1st period - Slapshot by R.J. Umberger.
10:24 of 1st period - Deflect By Patrice Bergeron.
10:24 of 1st period - Shot Misses the Net.
10:24 of 1st period - Puck is out of play.
10:25 of 1st period - Patrice Bergeron wins face-off versus Chris Drury in Rangers zone.
10:25 of 1st period - Patrice Bergeron is hit by Mark Eaton.
10:47 of 1st period - Slapshot by R.J. Umberger.
10:47 of 1st period - Shot Misses the Net.
10:49 of 1st period - Slapshot by T.J. Fast.
10:49 of 1st period - Shot Blocked by Patrice Bergeron.
10:51 of 1st period - Slapshot by R.J. Umberger.
10:51 of 1st period - Shot Misses the Net.
10:53 of 1st period - Slapshot by Mark Eaton.
10:53 of 1st period - Shot Misses the Net.
10:55 of 1st period - Wrist shot by Chris Drury.
10:55 of 1st period - Shot Blocked by Jakob Silfverberg.
10:57 of 1st period - Snap shot by R.J. Umberger.
10:57 of 1st period - Shot Misses the Net.
11:09 of 1st period - Wrist shot by Patrice Bergeron.
11:09 of 1st period - Stopped by Martin Brodeur with a rebound.
12:12 of 1st period - Snap shot by R.J. Umberger.
12:12 of 1st period - Shot Misses the Net.
12:14 of 1st period - Wrist shot by Chris Drury.
12:14 of 1st period - Goal by Chris Drury - Nordiques : 2 - Rangers : 1.
12:15 of 1st period - Vaclav Prospal wins face-off versus Stephen Weiss in neutral zone.
12:42 of 1st period - Matt Greene is hit by Paul Gaustad and loses puck.
12:49 of 1st period - Snap shot by Chris Bourque.
12:49 of 1st period - Stopped by Martin Brodeur without a rebound.
12:50 of 1st period - Mike Cammalleri wins face-off versus Vaclav Prospal in Nordiques zone.
13:03 of 1st period - Snap shot by Mike Cammalleri.
13:03 of 1st period - Goal by Mike Cammalleri - Nordiques : 2 - Rangers : 2.
13:04 of 1st period - Stephen Weiss wins face-off versus Vaclav Prospal in neutral zone.
13:31 of 1st period - Ryan Ellis is hit by Cam Barker and loses puck.
13:54 of 1st period - Snap shot by Milan Lucic.
13:54 of 1st period - Deflect By Patrice Bergeron.
13:54 of 1st period - Shot Blocked by Dmitry Kulikov.
13:54 of 1st period - Puck is out of play.
13:55 of 1st period - Vaclav Prospal wins face-off versus Patrice Bergeron in Nordiques zone.
14:08 of 1st period - Wrist shot by Matt Moulson.
14:08 of 1st period - Deflect By Nikita Kucherov.
14:08 of 1st period - Stopped by Henrik Lundqvist without a rebound.
14:09 of 1st period - Stephen Weiss wins face-off versus Chris Drury in Rangers zone.
14:20 of 1st period - Slapshot by Cam Barker.
14:20 of 1st period - Stopped by Martin Brodeur without a rebound.
14:21 of 1st period - Matt Moulson wins face-off versus Stephen Weiss in Nordiques zone.
14:43 of 1st period - Icing by Matt Read.
14:44 of 1st period - Paul Gaustad wins face-off versus Artem Anisimov in Rangers zone.
14:57 of 1st period - Dmitry Kulikov is hit by Mark Fistric and loses puck.
15:22 of 1st period - Wrist shot by Stephen Weiss.
15:22 of 1st period - Stopped by Martin Brodeur with a rebound.
15:50 of 1st period - Minor Penalty to Alexei Emelin for Hooking.
15:51 of 1st period - Chris Drury wins face-off versus Milan Lucic in Rangers zone.
17:50 of 1st period - Penalty to Alexei Emelin is over, Alexei Emelin is back on ice.
17:55 of 1st period - Snap shot by Michael Ryder.
17:55 of 1st period - Stopped by Henrik Lundqvist with a rebound.
17:57 of 1st period - Slapshot by Kyle Calder.
17:57 of 1st period - Stopped by Henrik Lundqvist with a rebound.
18:07 of 1st period - Slapshot by Chris Bourque.
18:07 of 1st period - Stopped by Martin Brodeur without a rebound.
18:08 of 1st period - Rich Peverley wins face-off versus Stephen Weiss in Nordiques zone.
18:35 of 1st period - Nathan Gerbe is hit by Paul Gaustad and loses puck.
18:56 of 1st period - Snap shot by Vaclav Prospal.
18:56 of 1st period - Stopped by Henrik Lundqvist with a rebound.
19:34 of 1st period - Slapshot by Mark Eaton.
19:34 of 1st period - Deflect By Pascal Dupuis.
19:34 of 1st period - Stopped by Henrik Lundqvist with a rebound.
19:59 of 1st period - Icing by Ryan Ellis.
Goals for this period are 2 for Nordiques vs 2 for Rangers.
Shots for this period are 11 for Nordiques vs 12 for Rangers.

2nd period


0:01 of 2nd period - Milan Lucic wins face-off versus Chris Drury in neutral zone.
0:30 of 2nd period - Vaclav Prospal is hit by Stephen Weiss and loses puck.
0:57 of 2nd period - Slapshot by Kyle Calder.
0:57 of 2nd period - Shot Misses the Net.
0:59 of 2nd period - Backhand shot by Kyle Calder.
0:59 of 2nd period - Deflect By Paul Gaustad.
0:59 of 2nd period - Shot Misses the Net.
0:59 of 2nd period - Puck is out of play.
1:00 of 2nd period - Patrice Bergeron wins face-off versus Jarret Stoll in Rangers zone.
1:31 of 2nd period - Slapshot by Dustin Byfuglien.
1:31 of 2nd period - Shot Misses the Net.
2:17 of 2nd period - Snap shot by Valtteri Filppula.
2:17 of 2nd period - Shot Misses the Net.
2:31 of 2nd period - Milan Lucic is hit by R.J. Umberger and loses puck.
3:04 of 2nd period - Cam Barker is hit by Mark Eaton.
3:18 of 2nd period - Snap shot by Cam Barker.
3:18 of 2nd period - Stopped by Martin Brodeur with a rebound.
3:20 of 2nd period - Slapshot by Cam Barker.
3:20 of 2nd period - Stopped by Martin Brodeur without a rebound.
3:21 of 2nd period - Artem Anisimov wins face-off versus Chris Drury in Nordiques zone.
4:25 of 2nd period - Ryan Suter is hit by R.J. Umberger and loses puck.
4:30 of 2nd period - Wrist shot by Chris Drury.
4:30 of 2nd period - Shot Blocked by Matt Greene.
4:32 of 2nd period - Snap shot by Mark Eaton.
4:32 of 2nd period - Stopped by Henrik Lundqvist with a rebound.
4:46 of 2nd period - Ryan Suter is hit by Vaclav Prospal and loses puck.
4:55 of 2nd period - Wrist shot by Matt Moulson.
4:55 of 2nd period - Deflect By Nikita Kucherov.
4:55 of 2nd period - Shot Misses the Net.
4:55 of 2nd period - Puck is out of play.
4:56 of 2nd period - Chris Drury wins face-off versus Patrice Bergeron in Rangers zone.
5:21 of 2nd period - T.J. Fast is hit by Mark Fistric and loses puck.
5:32 of 2nd period - Slapshot by Valtteri Filppula.
5:32 of 2nd period - Stopped by Martin Brodeur with a rebound.
6:03 of 2nd period - Matt Read is hit by Paul Gaustad and loses puck.
6:22 of 2nd period - Milan Lucic is hit by Nikolai Kulemin and loses puck.
6:34 of 2nd period - Icing by Dustin Byfuglien.
6:35 of 2nd period - Stephen Weiss wins face-off versus Rich Peverley in Nordiques zone.
6:57 of 2nd period - Icing by Dmitry Kulikov.
6:58 of 2nd period - Patrice Bergeron wins face-off versus Rich Peverley in Nordiques zone.
7:17 of 2nd period - Wrist shot by Rich Peverley.
7:17 of 2nd period - Stopped by Henrik Lundqvist without a rebound.
7:18 of 2nd period - Stephen Weiss wins face-off versus R.J. Umberger in Rangers zone.
7:18 of 2nd period - Stephen Weiss is hit by Jarret Stoll.
7:26 of 2nd period - Slapshot by Chris Drury.
7:26 of 2nd period - Shot Misses the Net.
7:28 of 2nd period - Snap shot by Chris Drury.
7:28 of 2nd period - Shot Blocked by Mark Fistric.
7:30 of 2nd period - Slapshot by Mark Eaton.
7:30 of 2nd period - Stopped by Henrik Lundqvist with a rebound.
7:32 of 2nd period - Slapshot by T.J. Fast.
7:32 of 2nd period - Stopped by Henrik Lundqvist with a rebound.
8:37 of 2nd period - Snap shot by Nathan Gerbe.
8:37 of 2nd period - Shot Misses the Net.
8:49 of 2nd period - Cam Barker is hit by Jarret Stoll and loses puck.
9:02 of 2nd period - Matt Read is hit by Jarret Stoll and loses puck.
9:18 of 2nd period - Icing by Staffan Kronwall.
9:19 of 2nd period - Patrice Bergeron wins face-off versus Vaclav Prospal in Rangers zone.
10:01 of 2nd period - Mark Eaton is hit by Milan Lucic and loses puck.
10:08 of 2nd period - Snap shot by Matt Moulson.
10:08 of 2nd period - Stopped by Henrik Lundqvist with a rebound.
10:10 of 2nd period - Snap shot by Vaclav Prospal.
10:10 of 2nd period - Goal by Vaclav Prospal - Nordiques : 3 - Rangers : 2.
10:11 of 2nd period - Chris Drury wins face-off versus Stephen Weiss in neutral zone.
10:36 of 2nd period - Michael Ryder is hit by Mark Fistric.
13:36 of 2nd period - Slapshot by Darren Reid.
13:36 of 2nd period - Stopped by Martin Brodeur with a rebound.
13:55 of 2nd period - Vaclav Prospal is hit by Alexei Emelin and loses puck.
14:08 of 2nd period - Slapshot by Valtteri Filppula.
14:08 of 2nd period - Shot Blocked by T.J. Fast.
14:18 of 2nd period - T.J. Fast is hit by Mike Cammalleri and loses puck.
14:43 of 2nd period - Snap shot by R.J. Umberger.
14:43 of 2nd period - Deflect By Chris Drury.
14:43 of 2nd period - Shot Blocked by Cam Barker.
14:43 of 2nd period - Puck is out of play.
14:44 of 2nd period - Patrice Bergeron wins face-off versus Chris Drury in Rangers zone.
14:53 of 2nd period - Patrice Bergeron is hit by Chris Drury and loses puck.
15:05 of 2nd period - Dmitry Kulikov is hit by Staffan Kronwall and loses puck.
15:33 of 2nd period - Icing by Matt Read.
15:34 of 2nd period - Paul Gaustad wins face-off versus Matt Read in Rangers zone.
15:47 of 2nd period - Snap shot by Stephen Weiss.
15:47 of 2nd period - Stopped by Martin Brodeur without a rebound.
15:48 of 2nd period - Patrice Bergeron wins face-off versus Chris Drury in Nordiques zone.
15:51 of 2nd period - Snap shot by Milan Lucic.
15:51 of 2nd period - Stopped by Martin Brodeur with a rebound.
15:53 of 2nd period - Snap shot by Milan Lucic.
15:53 of 2nd period - Shot Misses the Net.
15:55 of 2nd period - Slapshot by Milan Lucic.
15:55 of 2nd period - Shot Blocked by Mark Eaton.
15:57 of 2nd period - Slapshot by Mark Fistric.
15:57 of 2nd period - Shot Blocked by Mark Eaton.
15:59 of 2nd period - Slapshot by Mark Fistric.
15:59 of 2nd period - Stopped by Martin Brodeur with a rebound.
16:01 of 2nd period - Slapshot by Cam Barker.
16:01 of 2nd period - Stopped by Martin Brodeur with a rebound.
16:03 of 2nd period - Slapshot by Mark Fistric.
16:03 of 2nd period - Shot Misses the Net.
16:18 of 2nd period - Snap shot by Artem Anisimov.
16:18 of 2nd period - Stopped by Martin Brodeur with a rebound.
16:20 of 2nd period - Snap shot by Ryan Suter.
16:20 of 2nd period - Deflect By Chris Bourque.
16:20 of 2nd period - Shot Misses the Net.
16:20 of 2nd period - Puck is out of play.
16:21 of 2nd period - Patrice Bergeron wins face-off versus Vaclav Prospal in Nordiques zone.
16:24 of 2nd period - Snap shot by Milan Lucic.
16:24 of 2nd period - Deflect By Jakob Silfverberg.
16:24 of 2nd period - Shot Misses the Net.
16:24 of 2nd period - Puck is out of play.
16:25 of 2nd period - Vaclav Prospal wins face-off versus Patrice Bergeron in Nordiques zone.
16:50 of 2nd period - R.J. Umberger is hit by Mike Cammalleri and loses puck.
17:31 of 2nd period - Mark Eaton is hit by Ryan Suter and loses puck.
18:17 of 2nd period - Mark Fistric is hit by Matt Moulson.
18:50 of 2nd period - Wrist shot by Kyle Calder.
18:50 of 2nd period - Stopped by Henrik Lundqvist with a rebound.
18:52 of 2nd period - Snap shot by Michael Ryder.
18:52 of 2nd period - Stopped by Henrik Lundqvist without a rebound.
18:53 of 2nd period - Paul Gaustad wins face-off versus Valtteri Filppula in Rangers zone.
19:08 of 2nd period - Wrist shot by Michael Ryder.
19:08 of 2nd period - Deflect By Paul Gaustad.
19:08 of 2nd period - Shot Misses the Net.
19:08 of 2nd period - Puck is out of play.
19:09 of 2nd period - Jarret Stoll wins face-off versus Patrice Bergeron in Rangers zone.
19:18 of 2nd period - Slapshot by Jakob Silfverberg.
19:18 of 2nd period - Deflect By Patrice Bergeron.
19:18 of 2nd period - Stopped by Martin Brodeur with a rebound.
19:35 of 2nd period - Minor Penalty to Mark Fistric for Cross-checking.
19:36 of 2nd period - Milan Lucic wins face-off versus Chris Drury in Rangers zone.
Goals for this period are 1 for Nordiques vs 0 for Rangers.
Shots for this period are 8 for Nordiques vs 10 for Rangers.

3rd period


0:01 of 3rd period - Chris Drury wins face-off versus Milan Lucic in neutral zone.
1:35 of 3rd period - Penalty to Mark Fistric is over, Mark Fistric is back on ice.
1:50 of 3rd period - Slapshot by Paul Gaustad.
1:50 of 3rd period - Shot Misses the Net.
2:02 of 3rd period - Slapshot by Mark Fistric.
2:02 of 3rd period - Goal by Mark Fistric - Nordiques : 3 - Rangers : 3.
2:03 of 3rd period - Stephen Weiss wins face-off versus Chris Drury in neutral zone.
2:08 of 3rd period - Snap shot by Matt Read.
2:08 of 3rd period - Stopped by Martin Brodeur without a rebound.
2:09 of 3rd period - Stephen Weiss wins face-off versus Chris Drury in Nordiques zone.
2:18 of 3rd period - Wrist shot by Mike Cammalleri.
2:18 of 3rd period - Stopped by Martin Brodeur without a rebound.
2:19 of 3rd period - Chris Drury wins face-off versus Patrice Bergeron in Nordiques zone.
3:05 of 3rd period - Wrist shot by Chris Bourque.
3:05 of 3rd period - Shot Misses the Net.
3:50 of 3rd period - Slapshot by Ryan Ellis.
3:50 of 3rd period - Stopped by Henrik Lundqvist without a rebound.
3:51 of 3rd period - Stephen Weiss wins face-off versus Chris Drury in Rangers zone.
3:56 of 3rd period - T.J. Fast is hit by Stephen Weiss and loses puck.
4:09 of 3rd period - Wrist shot by Chris Drury.
4:09 of 3rd period - Shot Misses the Net.
4:11 of 3rd period - Wrist shot by R.J. Umberger.
4:11 of 3rd period - Shot Misses the Net.
4:13 of 3rd period - Slapshot by T.J. Fast.
4:13 of 3rd period - Stopped by Henrik Lundqvist without a rebound.
4:14 of 3rd period - Vaclav Prospal wins face-off versus Patrice Bergeron in Rangers zone.
4:25 of 3rd period - Backhand shot by Vaclav Prospal.
4:25 of 3rd period - Shot Misses the Net.
4:27 of 3rd period - Slapshot by Dmitry Kulikov.
4:27 of 3rd period - Shot Misses the Net.
4:29 of 3rd period - Snap shot by Matt Moulson.
4:29 of 3rd period - Stopped by Henrik Lundqvist without a rebound.
4:30 of 3rd period - Stephen Weiss wins face-off versus Chris Drury in Rangers zone.
4:37 of 3rd period - Wrist shot by Stephen Weiss.
4:37 of 3rd period - Deflect By Mike Cammalleri.
4:37 of 3rd period - Shot Misses the Net.
4:37 of 3rd period - Puck is out of play.
4:38 of 3rd period - Chris Drury wins face-off versus Stephen Weiss in Nordiques zone.
4:38 of 3rd period - Chris Drury is hit by Cam Barker.
4:44 of 3rd period - Cam Barker is hit by R.J. Umberger and loses puck.
5:13 of 3rd period - Snap shot by Vaclav Prospal.
5:13 of 3rd period - Goal by Vaclav Prospal - Nordiques : 4 - Rangers : 3.
5:14 of 3rd period - Patrice Bergeron wins face-off versus Chris Drury in neutral zone.
5:21 of 3rd period - Snap shot by Milan Lucic.
5:21 of 3rd period - Stopped by Martin Brodeur with a rebound.
5:23 of 3rd period - Slapshot by Cam Barker.
5:23 of 3rd period - Stopped by Martin Brodeur with a rebound.
5:25 of 3rd period - Snap shot by Jakob Silfverberg.
5:25 of 3rd period - Shot Blocked by R.J. Umberger.
5:39 of 3rd period - Mike Cammalleri is hit by Matt Moulson and loses puck.
5:48 of 3rd period - Slapshot by Stephen Weiss.
5:48 of 3rd period - Shot Blocked by Ryan Ellis.
6:24 of 3rd period - Snap shot by Nathan Gerbe.
6:24 of 3rd period - Shot Misses the Net.
6:26 of 3rd period - Snap shot by Devante Smith-Pelly.
6:26 of 3rd period - Shot Misses the Net.
6:28 of 3rd period - Slapshot by Valtteri Filppula.
6:28 of 3rd period - Goal by Valtteri Filppula - Nordiques : 4 - Rangers : 4.
6:29 of 3rd period - Chris Drury wins face-off versus Patrice Bergeron in neutral zone.
6:32 of 3rd period - Slapshot by Dustin Byfuglien.
6:32 of 3rd period - Stopped by Henrik Lundqvist with a rebound.
6:44 of 3rd period - Patrice Bergeron is hit by Dustin Byfuglien and loses puck.
7:15 of 3rd period - Snap shot by R.J. Umberger.
7:15 of 3rd period - Shot Blocked by Darren Reid.
7:37 of 3rd period - Snap shot by Nathan Gerbe.
7:37 of 3rd period - Shot Blocked by Dustin Byfuglien.
7:39 of 3rd period - Slapshot by Mark Fistric.
7:39 of 3rd period - Deflect By Valtteri Filppula.
7:39 of 3rd period - Stopped by Martin Brodeur without a rebound.
7:40 of 3rd period - Jakob Silfverberg wins face-off versus Vaclav Prospal in Nordiques zone.
7:53 of 3rd period - Snap shot by Vaclav Prospal.
7:53 of 3rd period - Shot Blocked by Jakob Silfverberg.
7:55 of 3rd period - Slapshot by T.J. Fast.
7:55 of 3rd period - Stopped by Henrik Lundqvist without a rebound.
7:56 of 3rd period - Stephen Weiss wins face-off versus Paul Gaustad in Rangers zone.
8:01 of 3rd period - Paul Gaustad is hit by Cam Barker and loses puck.
8:18 of 3rd period - Minor Penalty to Michael Ryder for Holding.
8:19 of 3rd period - Patrice Bergeron wins face-off versus Paul Gaustad in Nordiques zone.
8:22 of 3rd period - Snap shot by Milan Lucic.
8:22 of 3rd period - Stopped by Martin Brodeur without a rebound.
8:23 of 3rd period - Patrice Bergeron wins face-off versus Paul Gaustad in Nordiques zone.
9:29 of 3rd period - T.J. Fast is hit by Stephen Weiss and loses puck.
10:18 of 3rd period - Penalty to Michael Ryder is over, Michael Ryder is back on ice.
11:31 of 3rd period - Slapshot by Dustin Byfuglien.
11:31 of 3rd period - Deflect By Nikolai Kulemin.
11:31 of 3rd period - Shot Blocked by Nathan Gerbe.
11:31 of 3rd period - Puck is out of play.
11:32 of 3rd period - Rich Peverley wins face-off versus Valtteri Filppula in Rangers zone.
11:54 of 3rd period - Minor Penalty to Devante Smith-Pelly for Goalie Interference.
11:55 of 3rd period - Patrice Bergeron wins face-off versus Chris Drury in Rangers zone.
12:24 of 3rd period - Slapshot by Dustin Byfuglien.
12:24 of 3rd period - Deflect By Matt Moulson.
12:24 of 3rd period - Shot Blocked by Mark Fistric.
12:24 of 3rd period - Puck is out of play.
12:25 of 3rd period - Stephen Weiss wins face-off versus Vaclav Prospal in Rangers zone.
12:32 of 3rd period - Snap shot by Stephen Weiss.
12:32 of 3rd period - Goal by Stephen Weiss - Nordiques : 4 - Rangers : 5.
12:33 of 3rd period - Milan Lucic wins face-off versus Chris Drury in neutral zone.
12:38 of 3rd period - Snap shot by Milan Lucic.
12:38 of 3rd period - Stopped by Martin Brodeur without a rebound.
12:39 of 3rd period - Chris Drury wins face-off versus Milan Lucic in Nordiques zone.
12:44 of 3rd period - Slapshot by Ryan Ellis.
12:44 of 3rd period - Shot Misses the Net.
12:46 of 3rd period - Snap shot by R.J. Umberger.
12:46 of 3rd period - Stopped by Henrik Lundqvist with a rebound.
12:48 of 3rd period - Wrist shot by R.J. Umberger.
12:48 of 3rd period - Shot Misses the Net.
12:50 of 3rd period - Snap shot by Dustin Byfuglien.
12:50 of 3rd period - Shot Blocked by Mark Fistric.
12:52 of 3rd period - Wrist shot by Chris Drury.
12:52 of 3rd period - Stopped by Henrik Lundqvist with a rebound.
12:54 of 3rd period - Slapshot by Dustin Byfuglien.
12:54 of 3rd period - Shot Blocked by Mark Fistric.
13:17 of 3rd period - Matt Greene is hit by Matt Moulson and loses puck.
13:54 of 3rd period - Penalty to Devante Smith-Pelly is over, Devante Smith-Pelly is back on ice.
14:05 of 3rd period - Snap shot by Cam Barker.
14:05 of 3rd period - Shot Blocked by Dmitry Kulikov.
14:07 of 3rd period - Wrist shot by Chris Bourque.
14:07 of 3rd period - Deflect By Artem Anisimov.
14:07 of 3rd period - Shot Misses the Net.
14:07 of 3rd period - Puck is out of play.
14:08 of 3rd period - Artem Anisimov wins face-off versus Kyle Calder in Nordiques zone.
14:15 of 3rd period - Slapshot by Darren Reid.
14:15 of 3rd period - Shot Misses the Net.
14:17 of 3rd period - Snap shot by Staffan Kronwall.
14:17 of 3rd period - Shot Misses the Net.
14:19 of 3rd period - Wrist shot by Darren Reid.
14:19 of 3rd period - Shot Misses the Net.
14:21 of 3rd period - Slapshot by Staffan Kronwall.
14:21 of 3rd period - Deflect By Artem Anisimov.
14:21 of 3rd period - Stopped by Martin Brodeur with a rebound.
14:23 of 3rd period - Slapshot by Staffan Kronwall.
14:23 of 3rd period - Shot Hit the Post.
14:29 of 3rd period - Double Minor Penalty to Dmitry Kulikov for Roughing.
14:30 of 3rd period - Patrice Bergeron wins face-off versus Paul Gaustad in Nordiques zone.
17:25 of 3rd period - Devante Smith-Pelly is hit by Paul Gaustad and loses puck.
18:01 of 3rd period - Minor Penalty to Alexei Emelin for Roughing.
18:02 of 3rd period - R.J. Umberger wins face-off versus Milan Lucic in Rangers zone.
18:08 of 3rd period - Slapshot by Ryan Ellis.
18:08 of 3rd period - Stopped by Henrik Lundqvist without a rebound.
18:09 of 3rd period - R.J. Umberger wins face-off versus Milan Lucic in Rangers zone.
18:10 of 3rd period - Snap shot by Chris Drury.
18:10 of 3rd period - Stopped by Henrik Lundqvist without a rebound.
18:11 of 3rd period - Milan Lucic wins face-off versus Chris Drury in Rangers zone.
18:26 of 3rd period - Slapshot by Cam Barker.
18:26 of 3rd period - Deflect By Milan Lucic.
18:26 of 3rd period - Shot Misses the Net.
18:26 of 3rd period - Puck is out of play.
18:27 of 3rd period - R.J. Umberger wins face-off versus Milan Lucic in Nordiques zone.
18:29 of 3rd period - Penalty to Dmitry Kulikov is over, Dmitry Kulikov is back on ice.
18:38 of 3rd period - Slapshot by Mark Fistric.
18:38 of 3rd period - Stopped by Martin Brodeur with a rebound.
18:52 of 3rd period - Nordiques, Martin Brodeur is pulled from the net.
19:02 of 3rd period - Snap shot by Vaclav Prospal.
19:02 of 3rd period - Stopped by Henrik Lundqvist with a rebound.
19:21 of 3rd period - Snap shot by R.J. Umberger.
19:21 of 3rd period - Stopped by Henrik Lundqvist with a rebound.
Goals for this period are 1 for Nordiques vs 3 for Rangers.
Shots for this period are 12 for Nordiques vs 12 for Rangers.